Construct Section Command Post
Selects Canadian Shock Battlegroup
Selects Incendiary Munitions
Construct Platoon Command Post
6-pounder Anti-tank Gun Team
Construct Company Command Post
Selects Churchill Crocodile Heavy Tank
6-pounder Anti-tank Gun Team
Churchill Crocodile Heavy Tank
Unlock Towed 17-pounder Anti-tank Guns
Unlock Bishop Self-propelled Artillery
Bishop Self-propelled Artillery
Selects Offensive Resupply
Selects Canadian Shock Section
Selects Canadian Shock Section
Bishop Self-propelled Artillery